 Dungeon Crawl Stone Soup version 0.31-a0-845-g9abc20d24f (webtiles) character file.

Game seed: 11122592327002860081

153 Kurtz the Chopper (level 5, 36/36 HPs)
             Began as an Octopode Fighter on Oct 1, 2023.
             Quit the game on level 7 of the Dungeon.
             The game lasted 00:02:08 (3392 turns).

Kurtz the Chopper (Octopode Fighter)                Turns: 3392, Time: 00:02:09

Health: 36/36      AC:  1    Str: 15    XL:     5   Next: 35%
Magic:  5/5        EV: 13    Int: 10    God:
Gold:   219        SH: 10    Dex: 14    Spells: 4/4 levels left

rFire   . . .        a - +0 war axe
rCold   . . .        b - +0 buckler
rNeg    . . .        (helmet restricted)
rPois   .            i - amulet of reflection
rElec   .            (no ring)
rCorr   .            (no ring)
SInv    .            (no ring)
Will    .....        (no ring)
Stlth   ++           (no ring)
HPRegen 0.26/turn    (no ring)
MPRegen 0.09/turn    (no ring)
                     (no ring)

%: reflection
@: no status effects
A: almost no armour, amphibious, 8 rings, camouflage 1, gelatinous body 1,
(nimble swimmer 1), tentacles
a: no special abilities


You were on level 7 of the Dungeon.
You visited 1 branch of the dungeon, and saw 5 of its levels.

You collected 219 gold pieces.

Inventory:

Hand Weapons
 a - a +0 war axe (weapon)
Missiles
 k - 8 poisoned darts
Armour
 b - a +0 buckler (worn)
Jewellery
 i - an amulet of reflection (around mantle)
 j - a ring of protection from fire
Wands
 o - a wand of roots (4)
Scrolls
 d - a scroll of immolation {unknown}
 e - a scroll of summoning {unknown}
 f - 3 scrolls of revelation {unknown}
 m - 2 scrolls of blinking {unknown}
 n - 3 scrolls of identify {unknown}
 p - a scroll of teleportation {unknown}
 q - a scroll of poison {unknown}
 r - a scroll of fog {unknown}
 t - a scroll of enchant weapon {unknown}
Potions
 c - 2 potions of might
 g - 4 potions of degeneration {unknown}
 h - a potion of mutation {unknown}
 l - a potion of resistance {unknown}
 s - 2 potions of cancellation {unknown}
 u - a potion of attraction {unknown}
 v - a potion of heal wounds {unknown}


   Skills:
 - Level 3.0 Fighting
 * Level 5.4 Axes
 - Level 3.0 Dodging
 - Level 3.0 Shields


You had 4 spell levels left.
You didn't know any spells.
Your spell library contained the following spells:

 Spells                   Type           Power      Damage    Failure   Level
 Manifold Assault         Tloc           0%         N/A       99%         4
 Dispersal                Tloc           0%         N/A       100%        6
 Disjunction              Tloc           0%         N/A       100%        8


Dungeon Overview and Level Annotations

Branches:
Dungeon (7/15)
 Temple: D:4-7

Altars:
Sif Muna

Annotations:
D:1 exclusion: downstairs
D:7 exclusions: 3 doors, steam dragon and 1 more exclusion, Maggie


Innate Abilities, Weirdness & Mutations

You cannot wear most types of armour.
You are amphibious.
You can wear up to eight rings at the same time.
Your skin changes colour to match your surroundings (Stealth+).
Your rubbery body absorbs attacks. (AC +1, EV +1)
((You are camouflaged when in or above water. (Stealth+)))
You have tentacles for arms and can constrict up to eight enemies at once.


Message History

A steam dragon comes into view.
Found 9 gold pieces.
Press: ? - help, v - describe, . - travel, g - get item
Here: a steam dragon (asleep) Item here: 9 gold pieces.
The floor.
Placed new exclusion.
You open the door.
There is an open door here.
You now have 219 gold pieces (gained 11).
You open the large door.
Maggie the Vainglorious comes into view.
She is wielding a +2 scimitar of draining.
Maggie is nearby!
You close the large door.
Press: ? - help, . - travel You can't see that place. [the floor.] Placed new exclusion.
You're in a travel-excluded area, stopping explore.
You're in a travel-excluded area, stopping explore.
Unknown command.
A bullfrog comes into view.
The bullfrog gives a loud, deep croak!
You block the bullfrog's attack.
You barely miss the bullfrog. You grab the bullfrog.
You constrict the bullfrog. The bullfrog barely misses you.
You block the bullfrog's attack.
You slash the bullfrog!
You squeeze the bullfrog, but do no damage.
The bullfrog is heavily wounded.
You constrict the bullfrog. The bullfrog closely misses you.
The bullfrog hits you but does no damage.
You slash the bullfrog!
You kill the bullfrog!
Your Axes skill increases to level 5!
You have reached level 5!
You feel agile.
An ice beast comes into view.
Unknown command.
Are you sure you want to abandon this character and quit the game? (Confirm with "yes".)

#.##.#...##.....#.#
#.##.#...##.....#.#
#.##.#...##.....#.####
..........+.....#....+
#.##.######....†#.####
#.# #.....#.#
#.#########....#
Y..............#
............#@##
#############.# #.#
#.# #.# #.# #.# #.#


There were no monsters in sight!

Vanquished Creatures
  A bullfrog (D:7)
  An adder (D:3)
  10 endoplasms
  5 giant cockroaches
  8 goblins
  5 hobgoblins
  11 jackals
  5 kobolds
  12 ball pythons
  6 bats
  3 frilled lizards
  6 rats
73 creatures vanquished.

Notes
Turn   | Place    | Note
-------+----------+-------------------------------------------
     0 | D:1      | Kurtz the Octopode Fighter began the quest for the Orb.
     0 | D:1      | Reached XP level 1. HP: 16/16 MP: 1/1
   152 | D:1      | Reached XP level 2. HP: 20/21 MP: 2/2
   293 | D:1      | Reached skill level 3 in Axes
   450 | D:1      | Reached XP level 3. HP: 19/26 MP: 3/3
  1300 | D:2      | Reached skill level 4 in Axes
  1339 | D:2      | Found a faded altar of an unknown god.
  1550 | D:2      | Reached XP level 4. HP: 27/31 MP: 4/4
  1618 | D:2      | Found a shimmering blue altar of Sif Muna.
  1702 | D:2      | Found Usyxues's Assorted Antiques.
  3141 | D:4      | You fall into a shaft and drop 3 floors!
  3255 | D:7      | Noticed a water moccasin
  3276 | D:7      | Noticed a steam dragon
  3362 | D:7      | Noticed Maggie
  3376 | D:7      | Noticed a bullfrog
  3380 | D:7      | Killed a bullfrog
  3381 | D:7      | Reached skill level 5 in Axes
  3381 | D:7      | Reached XP level 5. HP: 36/36 MP: 5/5
  3385 | D:7      | Noticed an ice beast
  3392 | D:7      | Quit the game

Illustrated notes

Levels and vault maps discovered:
D:1:      scummos_arrival_gate, layout_loops_corners
D:2:      layout_basic, basic_altar, serial_shops, shop,
          nicolae_ecumenical_oubliette
D:3:      layout_loops_corners, serial_rivers, chequers_serial_rivers_micro_b,
          chequers_serial_rivers_large_a, chequers_serial_rivers_marsh,
          chequers_serial_rivers_room_a, chequers_serial_rivers_room_a,
          minmay_misc_feat_rugged
D:4:      layout_loops_ring, xom_redecorated, biasface_ghost_orc_armoury,
          portal_sewer_entry_a, uniq_blork_the_orc
D:7:      layout_basic, serial_shops, kennysheep_mini, grunt_ministairs_15,
          uniq_maggie

Skill      XL: |  1  2  3  4 |
---------------+-------------+-----
Axes           | 3 4 5 |  5.4
Fighting       | |  3.0
Dodging        | |  3.0
Shields        | |  3.0

Action                     |  1- 3 |  4- 6 || total
---------------------------+-------+-------++-------
  Melee: War axe           |    75 |    41 ||   116
         Constrict         |    16 |    10 ||    26
         Tentacles         |    17 |     4 ||    21
   Stab: Sleeping          |    12 |     6 ||    18
 Armour: Skin              |    30 |    11 ||    41
  Dodge: Dodged            |    32 |    13 ||    45
  Block: Buckler           |    30 |    16 ||    46
         Reflection        |     2 |       ||     2

Table legend: (Time is in decaauts)
 A = Elapsed time spent in this place.
 B = Non-inter-level travel time spent in this place.
 C = Inter-level travel time spent in this place.
 D = Time resting spent in this place.
 E = Time spent auto-exploring this place.
 F = Levels seen in this place.
 G = Mean time per level.
                   A        B        C        D        E       F      G
               +--------+--------+--------+--------+--------+-----+--------+
         Total |   3436 |   2963 |    473 |     42 |   2451 |   5 |  687.2 |
       Dungeon |   3436 |   2963 |    473 |     42 |   2451 |   5 |  687.2 |
               +--------+--------+--------+--------+--------+-----+--------+

Top non-repeatable levels by time:
     D:1: 1490 daAuts
     D:3: 916 daAuts
     D:2: 764 daAuts
     D:7: 251 daAuts
     D:4: 12 daAuts
